 Dungeon Crawl Stone Soup version 0.15-a0-1723-gae8f746 (webtiles) character file.

41 Froboctopus the Ruinous (level 3, -3/24 HPs)
             Began as a Mummy Conjurer on June 26, 2014.
             Slain by Ijyb
             ... wielding a +7 dagger of freezing
              (6 damage)
             ... on Level 2 of the Dungeon.
             The game lasted 00:04:12 (1501 turns).

Froboctopus the Ruinous (Mummy Conjurer)            Turns: 1501, Time: 00:04:12

HP  -3/24        AC  2     Str 11      XL: 3   Next: 32%
MP   8/15        EV 12     Int 15      God:
Gold 87          SH  0     Dex 12      Spells:  1 memorised,  6 levels left

rFire  x . .     SeeInvis .     d - +0 short sword
rCold  + . .     Clarity  .     a - +0 robe
rNeg   + + +     rCorr    .     (no shield)
rPois  +         rRot     +     (no helmet)
rElec  .         Spirit   .     (no cloak)
SustAb .         Warding  .     (no gloves)
rMut   .         Stasis   .     (no boots)
Gourm  .                        (no amulet)
MR     .....                    b - ring of regeneration
                                g - ring of magical power

@: very slightly contaminated, not resistant to hostile enchantments, unstealthy
A: no food or potions, fire vulnerability, restore body, cold resistance 1, life
protection 3, poison resistance, torment resistance, unbreathing
a: no special abilities


You were on level 2 of the Dungeon.
You were not hungry.

You visited 1 branch of the dungeon, and saw 2 of its levels.

You collected 87 gold pieces.

Inventory:

Hand weapons
 d - a +0 short sword (weapon)
Armour
 a - a +0 robe (worn)
Scrolls
 e - a scroll of immolation {unknown}
 f - 2 scrolls of blinking {unknown}
 h - 5 scrolls of identify {unknown}
 i - a scroll of amnesia {unknown}
 j - 3 scrolls of recharging {unknown}
 k - a scroll of magic mapping {unknown}
 l - a scroll of remove curse {unknown}
 m - a scroll of enchant armour {unknown}
Jewellery
 b - a ring of regeneration (right hand)
 g - a ring of magical power (left hand)
Books
 c - a book of Conjurations

   Spells                             Type                      Level
   *Magic Dart                        Conjuration                  1
   Searing Ray                        Conjuration                  2
   Dazzling Spray                     Conjuration/Hexes            3
   Fulminant Prism                    Conjuration/Hexes            4
   Iskenderun's Mystic Blast          Conjuration                  4
   Iskenderun's Battlesphere          Conjuration/Charms           5


   Skills:
 - Level 1.5 Dodging
 - Level 1.5 Stealth
 + Level 2.6 Spellcasting
 * Level 3.9 Conjurations


You had 6 spell levels left.
You knew the following spells:

 Your Spells              Type           Power        Failure   Level  Hunger
a - Magic Dart            Conj           ##..         4%          1    N/A

Dungeon Overview and Level Annotations

Branches:
Dungeon (2/15)

Altars:
Okawaru

Annotations:
D:2 Ijyb


Innate Abilities, Weirdness & Mutations

You do not eat or drink.
Your flesh is vulnerable to fire.
Your flesh is cold resistant.
You are immune to negative energy.
Your system is resistant to poisons.
You are immune to unholy pain and torment.
You can survive without breathing.


Message History

Casting: Magic Dart
Confirm with . or Enter, or press ? or * to list all spells.
Aiming: Magic Dart
Press: ? - help, Shift-Dir - straight line, f/p - Ijyb
Aim: Ijyb, wielding a dagger of freezing and wearing a leather armour (moderately wounded)
The magic dart hits Ijyb.
Ijyb is moderately wounded.
Ijyb hits you with a dagger of freezing.
* * * LOW HITPOINT WARNING * * *
Ijyb freezes you.
* * * LOW HITPOINT WARNING * * *
Casting: Magic Dart
Confirm with . or Enter, or press ? or * to list all spells.
Aiming: Magic Dart
Press: ? - help, Shift-Dir - straight line, f/p - Ijyb
Aim: Ijyb, wielding a dagger of freezing and wearing a leather armour (moderately wounded)
The magic dart hits Ijyb.
Ijyb is moderately wounded.
Ijyb hits you with a dagger of freezing.
You die...

.. ## .#.##. . #.#.... .##
........ ..... ##........###..#..
........g.........
##.#...###@........ .
...#.##............ ).... ...
........).......... ..(.. ....
###..##............. .....
....##....##.............###...#
........#..##.............##....#
................................#
.....#..>..........#.............
.......#....................<....


You could see Ijyb.

Vanquished Creatures
  A gnoll (D:1)
  A worm (D:1)
  2 giant geckos (D:1)
  2 hobgoblins (D:1)
  5 kobolds (D:1)
  5 bats
  2 giant cockroaches (D:1)
  3 goblins
  6 rats (D:1)
27 creatures vanquished.

Notes
Turn   | Place    | Note
--------------------------------------------------------------
     0 | D:1      | Froboctopus, the Mummy Conjurer, began the quest for the Orb.
     0 | D:1      | Reached XP level 1. HP: 13/13 MP: 3/3
   464 | D:1      | Reached XP level 2. HP: 10/19 MP: 4/4
   852 | D:1      | Reached XP level 3. HP: 16/24 MP: 0/6
  1428 | D:2      | Found an iron altar of Okawaru.
  1445 | D:2      | Noticed Ijyb
  1501 | D:2      | Slain by Ijyb

Action                   || total
-------------------------++-------
Melee: Unarmed           ||    18
       Short sword       ||    25
 Cast: Magic Dart        ||    60
